 Dungeon Crawl Stone Soup version 0.28-a0-565-g7719699fd9 (webtiles) character file.

Game seed: 6311161731077902147

1876 Drevant2 the Carver (level 8, 0/56 (61) HPs)
             Began as a Vampire Gladiator on Oct 1, 2021.
             Was a Follower of Okawaru.
             Slain by a wight (4 damage)
             ... on level 7 of the Dungeon.
             The game lasted 00:21:57 (8133 turns).

Drevant2 the Carver (Vampire Gladiator)             Turns: 8133, Time: 00:21:58

HP:   0/56 (61)     AC:  4    Str: 13    XL:     8   Next: 91%
MP:   8/8           EV: 14    Int: 12    God:    Okawaru [*.....]
Gold: 243           SH:  0    Dex: 16    Spells: 7/7 levels left

rFire   . . .      SeeInvis +   q - +0 great sword
rCold   . . .      Faith    .   (shield currently unavailable)
rNeg    . . .      Spirit   .   b - +0 leather armour
rPois   .          Reflect  .   c - +0 helmet
rElec   .          Harm     .   (no cloak)
rCorr   .          Rampage  .   (no gloves)
Will    .....                   (no boots)
Stlth   +.........              (no amulet)
HPRegen 0.38/turn               (no ring)
MPRegen 0.11/turn               (no ring)

@: healing quickly, drained
A: alive, fangs 3, see invisible, vampiric 2
a: Exsanguinate, Renounce Religion, Heroism


You were on level 7 of the Dungeon.
You worshipped Okawaru.
Okawaru was aware of your devotion.
You visited 2 branches of the dungeon, and saw 8 of its levels.

You collected 243 gold pieces.

Inventory:

Hand Weapons
 a - a +0 long sword
 q - a +0 great sword (weapon)
Missiles
 k - 3 javelins (quivered)
Armour
 b - a +0 leather armour (worn)
 c - a +0 helmet (worn)
 p - a +0 kite shield
Jewellery
 g - an amulet of guardian spirit
 n - the ring "Uhaem" {Dex+6 Slay+2}
   (You found it on level 4 of the Dungeon)

   [ring of dexterity]

   Dex:       It affects your dexterity (+6).
   Slay:      It affects your accuracy & damage with ranged weapons and melee
   (+2).
Wands
 j - a wand of acid (13)
Scrolls
 d - 2 scrolls of identify
 e - 3 scrolls of magic mapping
 f - a scroll of vulnerability {unknown}
 h - a scroll of blinking
 i - a scroll of teleportation {unknown}
 l - a scroll of fear {unknown}
 m - a scroll of summoning {unknown}
Potions
 o - 4 potions of curing


   Skills:
 + Level 4.6 Fighting
 - Level 10.0 Long Blades
 - Level 1.5 Throwing
 + Level 6.1 Dodging


You had 7 spell levels left.
You didn't know any spells.
Your spell library contained the following spells:

 Spells                   Type           Power      Damage    Failure   Level
 Dazzling Flash           Conj/Hex       0%         N/A       77%         3
 Iskenderun's Mystic Bla  Conj/Tloc      0%         2d3       99%         4
 Starburst                Conj/Fire      0%         6d3       100%        6


Dungeon Overview and Level Annotations

Branches:
Dungeon (7/15)             Temple (1/1) D:5

Altars:
Ashenzari
Dithmenos
Elyvilon
Fedhas
Hepliaklqana
Kikubaaqudgha
Okawaru
Qazlal
Trog
Uskayaw
Xom
Yredelemnul
Zin
The Shining One


Innate Abilities, Weirdness & Mutations

Your natural rate of healing is accelerated.
You have razor-sharp teeth.
You have supernaturally acute eyesight. (SInv)
You are afflicted with vampirism and can become a bat while bloodless.


Message History

You slash the wight! You bite the wight.
You destroy the wight!
Okawaru accepts your kill.
A wight comes into view. It is wielding a +6 scimitar.
Your Dodging skill increases to level 6!
A wight comes into view. It is wielding a +0 scimitar.
The wight closely misses you.
The wight moves out of view.
Things that are here:
a +0 spear; a +0 robe You hit the wight but do no damage.
You hit the wight but do no damage. The wight hits you with a +6 scimitar!
The wight barely misses you.
You barely miss the wight. The wight barely misses you. x3
You slash the wight! You bite the wight.
The wight is heavily damaged.
The wight misses you.
You slice the wight!!
You destroy the wight!
Okawaru accepts your kill.
You closely miss the wight. The wight misses you.
You completely miss the wight. The wight barely misses you.
You slash the wight! You bite the wight, but do no damage.
The wight is heavily damaged.
The wight hits you with a +6 scimitar!
You feel drained. The wight completely misses you.
You hit the wight but do no damage.
The wight is heavily damaged.
The wight hits you with a +6 scimitar!
You barely miss the wight. You bite the wight.
The wight is heavily damaged.
The wight hits you with a +6 scimitar.
You closely miss the wight.
The wight is heavily damaged.
The wight hits you with a +6 scimitar!
You feel drained.
You hit the wight but do no damage.
The wight is heavily damaged.
The wight hits you with a +6 scimitar!!
* * * LOW HITPOINT WARNING * * *
You feel drained.
You die...

### ..# # #.# .
#.##.### ..
#......# #.#.
#z# ...#@#
##.##.#.#
........#
##.####.# #
#......#.#.#
#####......#
#####.....#.###
#.....#####...
#.....# ###


You could see a wight.

Vanquished Creatures
  A sky beast (D:6)
  A black bear (D:7)
  2 necrophages
  4 ogres
  A centaur (D:6)
  2 scorpions
  2 water moccasin skeletons
  5 wights (D:7)
  A centaur zombie (D:6)
  A bullfrog zombie (D:6)
  A bullfrog skeleton (D:5)
  4 hounds
  A centaur skeleton (D:5)
  A gnoll shaman (D:6)
  A jelly (D:5)
  4 iguanas
  3 orc wizards
  A hound skeleton (D:5)
  2 howler monkey zombies (D:5)
  7 adders
  3 gnolls
  A shadow imp (D:7)
  3 ufetubi
  2 adder skeletons (D:4)
  11 orcs
  4 endoplasms
  2 giant cockroaches
  5 goblins
  6 hobgoblins
  4 jackals (D:2)
  8 ball pythons
  A bat (D:3)
  3 frilled lizards (D:1)
  4 kobolds
  3 rats (D:1)
105 creatures vanquished.

Vanquished Creatures (others)
  3 withered plants (D:4)
3 creatures vanquished.

Grand Total: 108 creatures vanquished

Notes
Turn   | Place    | Note
-------+----------+-------------------------------------------
     0 | D:1      | Drevant2 the Vampire Gladiator began the quest for the Orb.
     0 | D:1      | Reached XP level 1. HP: 16/16 MP: 1/1
    62 | D:1      | Found a faded altar of an unknown god.
   422 | D:1      | Reached XP level 2. HP: 14/19 MP: 2/2
   677 | D:1      | Reached skill level 4 in Long Blades
  1268 | D:2      | Gained mutation: You are afflicted with vampirism and can
                  | become a bat while bloodless. [Vampire growth]
  1268 | D:2      | Reached XP level 3. HP: 24/24 MP: 3/3
  1978 | D:3      | Noticed a fire elemental
  2067 | D:3      | Found a stormy altar of Qazlal.
  2070 | D:3      | Noticed an air elemental
  2078 | D:3      | Noticed an earth elemental
  2078 | D:3      | Noticed a water elemental
  2124 | D:3      | Reached skill level 5 in Long Blades
  2124 | D:3      | Reached XP level 4. HP: 24/33 MP: 4/4
  2985 | D:4      | Found an ancient bone altar of Kikubaaqudgha.
  2988 | D:4      | Identified the ring "Uhaem" {Dex+6 Slay+2}
  3076 | D:3      | Reached XP level 5. HP: 22/38 MP: 5/5
  3572 | D:4      | Reached skill level 6 in Long Blades
  3946 | D:5      | Entered Level 5 of the Dungeon
  3955 | D:5      | Noticed an ogre
  4034 | D:5      | Reached XP level 6. HP: 39/44 MP: 6/6
  4080 | D:5      | Reached skill level 7 in Long Blades
  4949 | D:6      | Reached skill level 8 in Long Blades
  4949 | D:6      | Reached XP level 7. HP: 34/49 MP: 7/7
  5295 | D:5      | Reached skill level 9 in Long Blades
  5374 | D:5      | Found a staircase to the Ecumenical Temple.
  5384 | Temple   | Entered the Ecumenical Temple
  5780 | D:5      | Reached XP level 8. HP: 44/55 MP: 8/8
  6157 | D:5      | Reached skill level 10 in Long Blades
  6331 | D:6      | Found a shadowy altar of Dithmenos.
  6481 | Temple   | Became a worshipper of Warmaster Okawaru
  7560 | D:7      | Reached skill level 5 in Dodging
  7827 | D:7      | Reached * piety under Okawaru
  8133 | D:7      | Slain by a wight

Illustrated notes

Levels and vault maps discovered:
D:1:      saegor_arrival_miasma, layout_loops_ring, shapermc_ecumenical_altar_gd
D:2:      layout_basic, solitary_fountain
D:3:      layout_rooms, nicolae_qazlal_style_of_elements
D:4:      layout_basic, kiku_gazebo_garden_becter
D:5:      minmay_angry_zag, layout_loops_ring, minmay_temple_entry_waves,
          minivault_23
D:6:      layout_layer_cave, kennysheep_mini, mainiacjoe_overflow_catwalk
D:7:      kennysheep_steamy, layout_basic, general_overflow_altar,
          corexii_checkpoint_b, chequers_hall_statues_y,
          chequers_decorated_corner, minmay_the_grid_2x2
          [minmay_the_grid_aliased_spiral, minmay_the_grid_doors,
          minmay_the_grid_all_tris, minmay_the_grid_prize_big_room]
Temple:   dpeg_chambers_temple

Skill      XL: |  1  2  3  4  5  6  7  8 |
---------------+-------------------------+-----
Long Blades    | 4 5 6 8 9 10 | 10.0
Fighting       | 4 |  4.6
Dodging        | 6 |  6.1
Throwing       | |  1.5

Action                   |  1- 3 |  4- 6 |  7- 9 || total
-------------------------+-------+-------+-------++-------
Melee: Long sword        |   101 |   128 |   163 ||   392
       Bite              |     7 |    13 |    28 ||    48
       Great sword       |       |       |    36 ||    36
Throw: Throwing net      |       |     3 |     2 ||     5
       Javelin           |       |       |     8 ||     8
 Abil: Exsanguinate      |     1 |       |       ||     1
       Revivify          |     1 |       |       ||     1
  Use: Potion            |       |     3 |     2 ||     5
       Scroll            |       |     2 |     2 ||     4
 Stab: Sleeping          |     3 |     1 |       ||     4
       Held in net/web   |       |       |     2 ||     2
Armor: Leather armour    |    36 |    30 |    30 ||    96
       Skin              |       |       |     1 ||     1
Dodge: Dodged            |    92 |   102 |   117 ||   311

Table legend: (Time is in decaauts)
 A = Elapsed time spent in this place.
 B = Non-inter-level travel time spent in this place.
 C = Inter-level travel time spent in this place.
 D = Time resting spent in this place.
 E = Time spent auto-exploring this place.
 F = Levels seen in this place.
 G = Mean time per level.
                   A        B        C        D        E       F      G
               +--------+--------+--------+--------+--------+-----+--------+
         Total |   8176 |   6594 |   1582 |   1719 |   3365 |   8 | 1022.0 |
       Dungeon |   7895 |   6377 |   1518 |   1719 |   3163 |   7 | 1127.9 |
        Temple |    280 |    216 |     64 |      0 |    202 |   1 |  280.0 |
               +--------+--------+--------+--------+--------+-----+--------+

Top non-repeatable levels by time:
     D:5: 1666 daAuts
     D:6: 1515 daAuts
     D:4: 1338 daAuts
     D:2: 1071 daAuts
     D:1: 964 daAuts
     D:3: 729 daAuts
     D:7: 610 daAuts
  Temple: 280 daAuts
